 Dungeon Crawl Stone Soup version 0.30-a0-996-ga6910c8ee8 (webtiles) character file.

Game seed: 9947706459041394194

508 arthad the Trooper (level 7, -9/44 HPs)
             Began as a Gargoyle Fighter on Apr 5, 2023.
             Was an Initiate of Okawaru.
             Killed by divine providence
             ... invoked by an orc priest
              (12 damage)
             ... on level 4 of the Dungeon.
             The game lasted 00:07:26 (2591 turns).

arthad the Trooper (Gargoyle Fighter)               Turns: 2591, Time: 00:07:27

Health: -9/44      AC: 13    Str: 22    XL:     7   Next: 18%
Magic:  7/7        EV: 10    Int:  8    God:    Okawaru [......]
Gold:   329        SH:  0    Dex: 15    Spells: 6/6 levels left

rFire   + . .      SeeInvis +    w - +6 halberd of Valuable Assets {heavy, SInv}
rCold   . . .      Faith    .    (shield currently unavailable)
rNeg    + . .      Spirit   .    b - +0 scale mail
rPois   ∞          Reflect  .    (no helmet)
rElec   +          Rampage  .    h - +0 cloak
rCorr   .                        (no gloves)
Will    .....                    (no boots) Stlth
                                 (no amulet)
HPRegen 0.27/turn                k - ring of protection from fire
MPRegen 0.10/turn                n - +6 ring of dexterity

@: no status effects
A: sickness immunity, AC +4, negative energy resistance 1, electricity
resistance, torment resistance 1, petrification resistance
a: Renounce Religion


You were on level 4 of the Dungeon.
You worshipped Okawaru.
Okawaru was noncommittal.
You visited 2 branches of the dungeon, and saw 5 of its levels.

You collected 329 gold pieces.

Inventory:

Hand Weapons
 a - a +0 flail
 u - a +2 dagger of draining
 w - the +6 halberd of Valuable Assets (weapon) {heavy, SInv}
   (You found it on level 3 of the Dungeon)

   SInv:      It lets you see invisible.
Missiles
 e - 10 poisoned darts (quivered)
Armour
 b - a +0 scale mail (worn)
 c - a +0 buckler
 h - a +0 cloak (worn)
 v - a +0 plate armour
 x - a scarf of invisibility
Jewellery
 k - a ring of protection from fire (left hand)
 n - a +6 ring of dexterity (right hand)
 A - a ring of ice
Scrolls
 f - 2 scrolls of noise {unknown}
 g - 4 scrolls of identify {unknown}
 i - a scroll of enchant weapon {unknown}
 m - 2 scrolls of vulnerability {unknown}
 o - 7 scrolls of fog {unknown}
 p - 3 scrolls of fear {unknown}
 s - a scroll of amnesia {unknown}
 y - a scroll of immolation {unknown}
Potions
 d - a potion of might
 j - a potion of resistance {unknown}
 l - 2 potions of ambrosia {unknown}
 q - 2 potions of mutation {unknown}
 r - 2 potions of lignification {unknown}
 t - a potion of brilliance {unknown}
 z - a potion of attraction {unknown}
 B - a potion of haste {unknown}


   Skills:
 * Level 5.6 Fighting
 - Level 3.9 Maces & Flails
 * Level 2.2 Polearms
 + Level 4.5 Armour
 + Level 1.2 Dodging
 - Level 3.9 Shields
 + Level 0.3 Invocations


You had 6 spell levels left.
You didn't know any spells.
Your spell library was empty.

Dungeon Overview and Level Annotations

Branches:
Dungeon (4/15)             Temple (1/1) D:4

Altars:
Elyvilon
Fedhas
Gozag
Kikubaaqudgha
Okawaru
Qazlal
Ru
Sif Muna
Trog
Vehumet
Wu Jian
Xom
Yredelemnul
Zin
The Shining One


Innate Abilities, Weirdness & Mutations

You are immune to sickness and miasma.
Your stone body is resilient. (AC +4)
You are immune to poison.
You resist negative energy. (rN+)
You are resistant to electric shocks. (rElec)
You are resistant to unholy torment.
You are immune to petrification.


Message History

The orc barely misses you.
You barely miss the orc priest. The orc completely misses you.
The orc priest mumbles some strange prayers to Beogh against you.
You struggle to resist.
The orc priest mumbles some strange prayers to Beogh against you.
Beogh smites you!
* * * LOW HITPOINT WARNING * * *
The orc barely misses you.
You are too injured to fight recklessly!
You are too injured to fight recklessly!
You are too injured to fight recklessly!
You are too injured to fight recklessly!
You are too injured to fight recklessly!
You are too injured to fight recklessly!
You are too injured to fight recklessly!
You are too injured to fight recklessly!
You are too injured to fight recklessly!
You are too injured to fight recklessly!
You are too injured to fight recklessly!
You are too injured to fight recklessly!
You are too injured to fight recklessly!
You are too injured to fight recklessly!
You are too injured to fight recklessly!
You are too injured to fight recklessly!
You are too injured to fight recklessly!
You are too injured to fight recklessly!
You closely miss the orc priest. The orc hits you with a +0 flail.
* * * LOW HITPOINT WARNING * * *
The orc priest invokes the aid of Beogh against you.
Pain shoots through your body!
* * * LOW HITPOINT WARNING * * *
The orc priest closely misses you. The orc hits you with a +0 flail.
* * * LOW HITPOINT WARNING * * *
You slash the orc priest!
The orc priest is heavily wounded.
The orc priest hits you but does no damage.
The orc hits you but does no damage. The orc barely misses you.
The orc priest calls down the wrath of Beogh upon you.
Beogh smites you!
You die...

## #...# #.. ###...### .
#.# ..)⌠... .. ##.##
..... #. ##...## .†.
...##.....######†# .
..............#'######
#...##oo...#####........
#.....@..## #########
#######.## ###


You could see an orc priest and an orc.

Vanquished Creatures
  A centaur (D:4)
  An ogre (D:4)
  A hound (D:4)
  An orc priest (D:3)
  2 iguanas (D:4)
  Jessica (D:2)
  Natasha (thrice) (D:2)
  4 adders
  3 worms
  5 dart slugs
  8 orcs
  7 endoplasms
  2 giant cockroaches
  6 goblins
  10 hobgoblins
  2 quokkas (D:2)
  4 ball pythons
  A bat (D:3)
  3 frilled lizards
  5 kobolds
  6 rats
76 creatures vanquished.

Vanquished Creatures (others)
  5 toadstools (D:3)
5 creatures vanquished.

Grand Total: 81 creatures vanquished

Notes
Turn   | Place    | Note
-------+----------+-------------------------------------------
     0 | D:1      | arthad the Gargoyle Fighter began the quest for the Orb.
     0 | D:1      | Reached XP level 1. HP: 14/14 MP: 1/1
   281 | D:1      | Reached XP level 2. HP: 19/19 MP: 2/2
   751 | D:1      | Reached XP level 3. HP: 13/24 MP: 3/3
   831 | D:2      | Noticed Jessica
   843 | D:2      | Killed Jessica
   844 | D:2      | Reached skill level 4 in Fighting
   882 | D:2      | Found a faded altar of an unknown god.
   889 | D:2      | Reached XP level 4. HP: 26/29 MP: 4/4
   903 | D:2      | Noticed Natasha
   928 | D:2      | Killed Natasha
  1084 | D:2      | Noticed Natasha
  1091 | D:2      | Killed Natasha
  1092 | D:2      | Reached XP level 5. HP: 21/34 MP: 5/5
  1175 | D:2      | Noticed Natasha
  1184 | D:2      | Killed Natasha
  1356 | D:3      | Identified the +6 halberd of Valuable Assets {heavy, SInv}
  1968 | D:4      | Reached skill level 1 in Polearms
  1968 | D:4      | Reached XP level 6. HP: 40/40 MP: 6/6
  1972 | D:4      | Reached skill level 5 in Fighting
  1972 | D:4      | Found a staircase to the Ecumenical Temple.
  1994 | Temple   | Entered the Ecumenical Temple
  2199 | Temple   | Became a worshipper of Warmaster Okawaru
  2282 | D:4      | Found a sacrificial altar of Ru.
  2457 | D:4      | Reached skill level 1 in Dodging
  2457 | D:4      | Reached XP level 7. HP: 29/44 MP: 7/7
  2590 | D:4      | HP: 2/44 [orc/+0 flail (6)]
  2591 | D:4      | Killed from afar by an orc priest

Illustrated notes

Levels and vault maps discovered:
D:1:      heliophobic_arrival_ceremonial_halls, layout_loops_ring
D:2:      layout_rooms, hellmonk_ecumenical_altar_lost_god, uniq_jessica,
          uniq_natasha
D:3:      wander_river, layout_basic, minmay_gold_behind_fungi
D:4:      layout_loops_ring, mainiacjoe_overflow_concentric_impassable,
          minmay_temple_entry_arrows, grunt_ministairs_14
Temple:   eino_temple_water

Skill      XL: |  1  2  3  4  5  6 |
---------------+-------------------+-----
Fighting       | 4 5 |  5.6
Maces & Flails | 3 |  3.9
Armour         | 4 |  4.5
Polearms       | 1 2 |  2.2
Dodging        | 1 |  1.2
Shields        | |  3.9
Invocations    | |  0.3

Action                     |  1- 3 |  4- 6 |  7- 9 || total
---------------------------+-------+-------+-------++-------
  Melee: Flail             |    81 |    41 |       ||   122
         Halberd           |       |    50 |    18 ||    68
 Armour: Scale mail        |    39 |    39 |    12 ||    90
  Dodge: Dodged            |    48 |    42 |    18 ||   108
  Block: Buckler           |    17 |     6 |       ||    23

Table legend: (Time is in decaauts)
 A = Elapsed time spent in this place.
 B = Non-inter-level travel time spent in this place.
 C = Inter-level travel time spent in this place.
 D = Time resting spent in this place.
 E = Time spent auto-exploring this place.
 F = Levels seen in this place.
 G = Mean time per level.
                   A        B        C        D        E       F      G
               +--------+--------+--------+--------+--------+-----+--------+
         Total |   2729 |   2661 |     68 |     41 |   1990 |   5 |  545.8 |
       Dungeon |   2504 |   2455 |     49 |     41 |   1798 |   4 |  626.0 |
        Temple |    224 |    205 |     19 |      0 |    192 |   1 |  224.0 |
               +--------+--------+--------+--------+--------+-----+--------+

Top non-repeatable levels by time:
     D:1: 786 daAuts
     D:3: 697 daAuts
     D:2: 572 daAuts
     D:4: 448 daAuts
  Temple: 224 daAuts
